 Dungeon Crawl Stone Soup version 0.31-a0-986-g5e6e4ef867 (webtiles) character file.

Game seed: 1612691670406466347

135 pokeman the Magician (level 4, -1/25 HPs)
             Began as a Deep Elf Hedge Wizard on Nov 19, 2023.
             Hit by a goblin thrown by Robin (2 damage)
             ... on level 3 of the Dungeon.
             The game lasted 00:03:24 (2581 turns).

pokeman the Magician (Deep Elf Hedge Wizard)        Turns: 2581, Time: 00:03:25

Health: -1/25      AC:  2    Str:  7    XL:     4   Next: 96%
Magic:  9/13       EV: 13    Int: 21    God:
Gold:   101        SH:  0    Dex: 14    Spells: 6/14 levels left

rFire   . . .        g - +2 dagger (venom)
rCold   . . .        (no shield)
rNeg    . . .        b - +0 robe
rPois   .            c - +0 hat
rElec   .            (no cloak)
rCorr   .            (no gloves)
SInv    .            (no boots)
Will    .....        (no amulet)
Stlth   ++           (no ring)
HPRegen 0.24/turn    (no ring)
MPRegen 0.13/turn

%: no passive effects
@: lethally poisoned (-1 -> -9), on blink cooldown
A: no striking features
a: no special abilities


You were on level 3 of the Dungeon.
You visited 1 branch of the dungeon, and saw 3 of its levels.

You collected 101 gold pieces.

Inventory:

Hand Weapons
 g - a +2 dagger of venom (weapon)
Armour
 b - a +0 robe (worn)
 c - a +0 hat (worn)
 j - a +2 scale mail of fire resistance
Magical Staves
 l - a staff of earth
Scrolls
 e - 2 scrolls of identify {unknown}
 i - a scroll of amnesia {unknown}
 k - a scroll of torment {unknown}
Potions
 a - a potion of curing
 d - 2 potions of magic
 f - a potion of haste {unknown}
 h - a potion of cancellation {unknown}


   Skills:
 - Level 1.0 Fighting
 - Level 1.0 Armour
 + Level 3.0 Dodging
 + Level 3.1 Stealth
 * Level 5.9 Spellcasting
 + Level 2.5 Conjurations
 - Level 1.1 Summonings
 - Level 1.1 Translocations


You had 6 spell levels left.
You knew the following spells:

 Your Spells              Type           Power      Damage    Failure   Level
a - Magic Dart            Conj           64%        1d6       3%          1
b - Mephitic Cloud        Conj/Pois/Air  9%         N/A       22%         3
c - Call Imp              Summ           20%        N/A       10%         2
d - Blink                 Tloc           20%        N/A       10%         2

Your spell library contained the following spells:

 Spells                   Type           Power      Damage    Failure   Level
 Apportation              Tloc           20%        N/A       6%          1
 Slow                     Hex            24%        N/A       10%         1
 Cigotuvi's Dreadful Rot  Necr/Pois/Air  12%        N/A       16%         2
 Jinxbite                 Hex            12%        N/A       16%         2
 Confusing Touch          Hex            6%         N/A       30%         3
 Sigil of Binding         Hex            6%         N/A       30%         3
 Vampiric Draining        Necr           6%         2d6       30%         3
 Alistair's Intoxication  Tmut/Pois      4%         N/A       95%         5


Dungeon Overview and Level Annotations

Branches:
Dungeon (3/15)

Altars:

Annotations:
D:3 Robin


Message History

Ijyb hits you with a +0 dagger of venom.
You are poisoned.
A goblin comes into view. It is wielding a +0 dagger.
You hit Ijyb but do no damage.
Ijyb looks as sick as possible!
Ijyb is almost dead.
You feel very sick.
Robin of the Strong Arm comes into view.
They are wielding a +2 vampiric spear.
You hit the goblin.
The goblin is poisoned.
The goblin is severely wounded.
You feel sick. The goblin hits you with a +0 dagger.
Ijyb hits you with a +0 dagger of venom.
You are lethally poisoned!
Robin roars a battlecry!
The goblins go into a battle-frenzy!
Casting: Mephitic Cloud (extremely dangerous; 22% risk of failure)
Confirm with . or Enter, or press ? or * to list all spells.
You blink. 2 goblins come into view.
You feel very sick.
You kill Ijyb!
You kill the goblin!
A goblin comes into view. It is wielding a +0 dagger.
Your Dodging skill increases to level 3!
Your Stealth skill increases to level 3!
You feel very sick. Robin throws the goblin at you!
The goblin hits you with a +0 dagger.
* * * LOW HITPOINT WARNING * * *
Casting: Blink (safe; 10% risk of failure)
Confirm with . or Enter, or press ? or * to list all spells.
Aiming: Magic Dart (safe; 3% risk of failure)
Press: ? - help, Shift-Dir - straight line, f - goblin
Aim: a goblin, wielding a +0 dagger (strong, 100% to hit)
The magic dart hits the goblin.
You kill the goblin!
The goblin shouts!
* * * LOW HITPOINT WARNING * * *
You feel very sick.
You hear a shout!
Robin throws the goblin at you!
You die...
Robin lets out a smug laugh.

.....# #.####
...#.###)...##
#......ยง##..##
#......).......
#...g.<........ #
#...g.......... #.
#....$.........
#..#.$S....######.
#g@g.g...#
#)...g...#
...####.### #...
g... #..# ... #..
### ... ....


You could see Robin, 5 goblins and a ball python.

Vanquished Creatures
  Ijyb (D:3)
  Terence (D:2)
  2 adders (D:2)
  A worm (D:2)
  4 dart slugs
  2 bats (D:1)
  5 endoplasms
  3 hobgoblins (D:1)
  4 jackals (D:1)
  A quokka (D:2)
  3 ball pythons (D:1)
  5 frilled lizards
  11 goblins
  9 kobolds
  3 rats
55 creatures vanquished.

Notes
Turn   | Place    | Note
-------+----------+-------------------------------------------
     0 | D:1      | pokeman the Deep Elf Hedge Wizard began the quest for the
                  | Orb.
     0 | D:1      | Reached XP level 1. HP: 10/10 MP: 7/7
   397 | D:1      | Reached XP level 2. HP: 15/15 MP: 3/9
   745 | D:1      | Reached skill level 5 in Spellcasting
   942 | D:1      | Reached XP level 3. HP: 20/20 MP: 9/11
   946 | D:1      | Learned a level 3 spell: Mephitic Cloud
   949 | D:1      | Learned a level 2 spell: Call Imp
   952 | D:1      | Learned a level 2 spell: Blink
  1335 | D:2      | Found a faded altar of an unknown god.
  1354 | D:2      | Reached skill level 1 in Fighting
  1439 | D:2      | Reached skill level 1 in Armour
  1831 | D:2      | Reached XP level 4. HP: 11/25 MP: 3/13
  2154 | D:2      | Noticed Terence
  2158 | D:2      | Killed Terence
  2565 | D:3      | Noticed Ijyb
  2577 | D:3      | Noticed Robin
  2579 | D:3      | Killed Ijyb
  2581 | D:3      | HP: 1/25 [poisoned by Ijyb]
  2581 | D:3      | Hit by a goblin thrown by Robin

Illustrated notes

Levels and vault maps discovered:
D:1:      dpeg_cavernosity, layout_rooms, minivault_23, hex_tiny, minmay_cut_off
D:2:      layout_loops_ring, serial_aquarium, aquarium_bridge_square
          [aquarium_subvault_window, aquarium_subvault_balcony,
          aquarium_subvault_bridge, aquarium_subvault_bridge],
          aquarium_bridge_island_small [aquarium_subvault_small_open,
          aquarium_subvault_bridge, aquarium_subvault_bridge,
          aquarium_subvault_bridge, aquarium_subvault_wall],
          aquarium_window_fake, aquarium_window_2, aquarium_window_2,
          aquarium_view_2b, aquarium_view_2d,
          shapermc_ecumenical_altar_totnotflames, minmay_close_crescents,
          uniq_terence
D:3:      layout_rooms, lemuel_crystal_altar, minmay_misc_feat_roman,
          kennysheep_jessica_study, uniq_ijyb, uniq_grinder, uniq_robin

Skill      XL: |  1  2  3  4 |
---------------+-------------+-----
Spellcasting   | 5 |  5.9
Fighting       | 1 |  1.0
Armour         | 1 |  1.0
Conjurations   | 2 |  2.5
Dodging        | 3 |  3.0
Stealth        | 3 |  3.1
Summonings     | |  1.1
Translocations | |  1.1

Action                     |  1- 3 |  4- 6 || total
---------------------------+-------+-------++-------
  Melee: Dagger            |    21 |    13 ||    34
   Cast: Magic Dart        |   107 |    18 ||   125
         Mephitic Cloud    |     1 |     2 ||     3
         Blink             |       |     1 ||     1
    Use: Potion            |     1 |       ||     1
   Stab: Confused          |     1 |     2 ||     3
 Armour: Robe              |    46 |     7 ||    53
  Dodge: Dodged            |    36 |     5 ||    41

Table legend: (Time is in decaauts)
 A = Elapsed time spent in this place.
 B = Non-inter-level travel time spent in this place.
 C = Inter-level travel time spent in this place.
 D = Time resting spent in this place.
 E = Time spent auto-exploring this place.
 F = Levels seen in this place.
 G = Mean time per level.
                   A        B        C        D        E       F      G
               +--------+--------+--------+--------+--------+-----+--------+
         Total |   2579 |   2491 |     88 |      0 |   2196 |   3 |  859.7 |
       Dungeon |   2579 |   2491 |     88 |      0 |   2196 |   3 |  859.7 |
               +--------+--------+--------+--------+--------+-----+--------+

Top non-repeatable levels by time:
     D:1: 1303 daAuts
     D:2: 1260 daAuts
     D:3: 15 daAuts
